 Dungeon Crawl Stone Soup version 0.29-a0-973-gac7da5f7f0 (webtiles) character file.

Game seed: 1990577880259748300

28 inmateoo the Trooper (level 2, -7/20 (24) HPs)
             Began as a Demonspawn Fighter on July 31, 2022.
             Mangled by Crazy Yiuf
             ... wielding a +4 quarterstaff of chaos
              (15 damage)
             ... on level 2 of the Dungeon.
             The game lasted 00:00:47 (861 turns).

inmateoo the Trooper (Demonspawn Fighter)            Turns: 861, Time: 00:00:48

HP:   -7/20 (24)    AC:  9    Str: 16    XL:     2   Next: 96%
MP:   2/2           EV:  9    Int:  9    God:
Gold: 69            SH:  4    Dex: 12    Spells: 1/1 levels left

rFire   . . .      SeeInvis .   a - +0 war axe
rCold   . . .      Faith    .   c - +0 buckler
rNeg    . . .      Spirit   .   b - +0 scale mail
rPois   .          Reflect  .   h - +0 helmet
rElec   .          Harm     .   (no cloak)
rCorr   .          Rampage  .   e - +0 pair of gloves
Will    .....                   (no boots)
Stlth   ..........              (no amulet)
HPRegen 0.06/turn               (no ring)
MPRegen 0.08/turn               (no ring)

@: heavily drained
A: foul stench 1
a: no special abilities


You were on level 2 of the Dungeon.
You visited 1 branch of the dungeon, and saw 2 of its levels.

You collected 69 gold pieces.

Inventory:

Hand Weapons
 a - a +0 war axe (weapon)
Armour
 b - a +0 scale mail (worn)
 c - a +0 buckler (worn)
 e - a +0 pair of gloves (worn)
 h - a +0 helmet (worn)
Scrolls
 g - a scroll of immolation {unknown}
Potions
 d - a potion of might
 f - a potion of haste
 i - a potion of ambrosia {unknown}
 j - 4 potions of degeneration {unknown}


   Skills:
 + Level 3.2 Fighting
 * Level 2.3 Axes
 + Level 2.9 Armour
 + Level 0.7 Dodging
 + Level 2.9 Shields


You had one spell level left.
You didn't know any spells.
Your spell library contained the following spells:

 Spells                   Type           Power      Damage    Failure   Level
 Tukima's Dance           Hex            0%         N/A       99%         3
 Passage of Golubria      Tloc           0%         N/A       100%        4
 Yara's Violent Unravell  Hex/Tmut       0%         3d3       100%        5


Dungeon Overview and Level Annotations

Branches:
Dungeon (2/15)

Altars:

Annotations:
D:2 Crazy Yiuf


Innate Abilities, Weirdness & Mutations

You may rarely emit foul miasma when damaged in melee.


Message History

The hobgoblin barely misses you.
A hobgoblin is nearby!
You slash the hobgoblin!
You kill the hobgoblin!
Found a hammer.
No target in view!
Found a hammer.
Found a hammer.
No target in view!
No target in view!
You see here a +0 hammer.
Found six hammers.
Found a runed translucent door.
You see here a +0 hammer.
No target in view!
No target in view!
Found a hammer.
Crazy Yiuf shouts!
You see here a +0 hammer.
Crazy Yiuf grits, "Leather!
Liver down tortoise."
You see here a +0 hammer.
Found three hammers.
You see here a +0 hammer.
You open the door.
Crazy Yiuf zaps a wand.
The bolt of dispelling energy misses you.
Crazy Yiuf completely misses you.
There is an open translucent door here.
You closely miss Crazy Yiuf.
Crazy Yiuf hits you with a +4 quarterstaff of chaos!
You feel drained.
Crazy Yiuf hits you with a +4 quarterstaff of chaos.
You feel drained.
You are too injured to fight recklessly!
You barely miss Crazy Yiuf.
Crazy Yiuf sings, "Trees, trees, trees, circus!"
Crazy Yiuf barely misses you.
You barely miss Crazy Yiuf.
Crazy Yiuf yells, "Cake sing return to song!"
Crazy Yiuf hits you with a +4 quarterstaff of chaos!
Ouch! That really hurt!
You die...

### ... #.. #.# #.#
♣♣♣♣♣### #.# ####
♣♣♣)♣)P..####.##
#)))#♣))♣)PP.........
#.)g@)♣♣♣♣......#####
#)))#♣♣ ♣♣P...## ####
♣♣#### #### #...
############# #.##
#.#.........# #.#
#...........# #.#
#..........# #.#


You could see Crazy Yiuf.

Vanquished Creatures
  2 bats (D:1)
  3 endoplasms (D:1)
  3 giant cockroaches
  4 goblins
  5 hobgoblins
  A kobold (D:1)
  A frilled lizard (D:1)
  4 rats
23 creatures vanquished.

Vanquished Creatures (others)
  A plant (D:2)
  3 withered plants (D:2)
4 creatures vanquished.

Grand Total: 27 creatures vanquished

Notes
Turn   | Place    | Note
-------+----------+-------------------------------------------
     0 | D:1      | inmateoo the Demonspawn Fighter began the quest for the
                  | Orb.
     0 | D:1      | Reached XP level 1. HP: 18/18 MP: 1/1
   244 | D:1      | Gained mutation: You may rarely emit foul miasma when
                  | damaged in melee. [demonic ancestry]
   244 | D:1      | Reached XP level 2. HP: 24/24 MP: 2/2
   853 | D:2      | Found a runed translucent door.
   854 | D:2      | Noticed Crazy Yiuf
   861 | D:2      | Mangled by Crazy Yiuf

Illustrated notes

Levels and vault maps discovered:
D:1:      reono_arrival_forest_river, layout_loops_ring, nrook_uturn
D:2:      layout_basic, shapermc_ecumenical_altar_flowoftime,
          uniq_crazy_yiuf_cottage

Skill      XL: |  1 |
---------------+----+-----
Axes           | 2 |  2.3
Fighting       | |  3.2
Armour         | |  2.9
Dodging        | |  0.7
Shields        | |  2.9

Action                   || total
-------------------------++-------
Melee: War axe           ||    76
  Use: Scroll            ||     2
Armor: Scale mail        ||    27
Dodge: Dodged            ||    36
Block: Buckler           ||    16

Table legend: (Time is in decaauts)
 A = Elapsed time spent in this place.
 B = Non-inter-level travel time spent in this place.
 C = Inter-level travel time spent in this place.
 D = Time resting spent in this place.
 E = Time spent auto-exploring this place.
 F = Levels seen in this place.
 G = Mean time per level.
                   A        B        C        D        E       F      G
               +--------+--------+--------+--------+--------+-----+--------+
         Total |    900 |    877 |     23 |      0 |    663 |   2 |  450.0 |
       Dungeon |    900 |    877 |     23 |      0 |    663 |   2 |  450.0 |
               +--------+--------+--------+--------+--------+-----+--------+

Top non-repeatable levels by time:
     D:1: 785 daAuts
     D:2: 115 daAuts
